 Dungeon Crawl Stone Soup version 0.21-a0-38-g95c5c02 (webtiles) character file.

324 Ikkuss the Poker (level 6, 5/48 HPs)
             Began as a Demonspawn Gladiator on May 29, 2017.
             Quit the game on level 4 of the Dungeon.
             The game lasted 00:10:01 (3498 turns).

Ikkuss the Poker (Demonspawn Gladiator)             Turns: 3498, Time: 00:10:02

Health: 5/48       AC:  8    Str: 15    XL:     6   Next: 23%
Magic:  3/6        EV: 12    Int:  9    God:
Gold:   239        SH:  0    Dex: 16    Spells: 5/5 levels left

rFire    + . .     SeeInvis .   k - +2 spear (venom)
rCold    . . .     Gourm    .   (no shield)
rNeg     . . .     Faith    .   n - +0 ring mail
rPois    .         Spirit   +   c - +0 helmet
rElec    .         Reflect  .   (no cloak)
rCorr    .         Harm     .   (no gloves)
MR       .....                  (no boots)
Stlth    +.........             (no amulet)
Regen    0.2/turn               (no ring)
MPRegen  0.1/turn               (no ring)

@: lethally poisoned (5 -> -28), very slightly contaminated
A: yellow scales 1, fire resistance 1, magic shield, flame cloud immunity
a: no special abilities


You were on level 4 of the Dungeon.
You were very full.

You visited 1 branch of the dungeon, and saw 4 of its levels.

You collected 239 gold pieces.

Inventory:

Hand Weapons
 k - a +2 spear of venom (weapon)
Missiles
 d - 3 throwing nets
 e - 11 tomahawks (quivered)
 i - 148 stones
Armour
 c - a +0 helmet (worn)
 n - a +0 ring mail (worn)
Jewellery
 o - an uncursed amulet of magic regeneration
Wands
 w - a wand of random effects (17/48)
Scrolls
 m - 2 scrolls of teleportation
Potions
 b - 2 potions of brilliance
 h - 2 potions of agility
 l - a potion of ambrosia
 u - a potion of degeneration
Comestibles
 a - 4 fruits
 f - 2 bread rations
 r - 2 meat rations
 z - a chunk of flesh


   Skills:
 + Level 4.1 Fighting
   Level 3.1 Maces & Flails
 * Level 4.2 Polearms
 - Level 1.7 Throwing
 - Level 2.6 Dodging


You had 5 spell levels left.
You didn't know any spells.

Dungeon Overview and Level Annotations

Branches:
Dungeon (4/15)
 Temple: D:4-7

Altars:
Qazlal
Sif Muna
Wu Jian

Shops:
D:4 *


Innate Abilities, Weirdness & Mutations

You are partially covered in yellow scales. (AC +2)
Your flesh is heat resistant. (rF+)
When hurt, damage is shared between your health and your magic reserves.
You are immune to clouds of flame.


Message History

The water moccasin bites you but does no damage.
The water moccasin bites you.
You closely miss the water moccasin.
The water moccasin is moderately wounded.
* * * LOW HITPOINT WARNING * * *
You feel sick. The water moccasin bites you.
* * * LOW HITPOINT WARNING * * *
The water moccasin bites you.
* * * LOW HITPOINT WARNING * * *
The water moccasin bites you but does no damage.
Unknown command.
* * * LOW HITPOINT WARNING * * *
You feel sick.
The water moccasin bites you but does no damage.
The water moccasin bites you.
* * * LOW HITPOINT WARNING * * *
You are more poisoned.
The water moccasin poisons you!
There is a stone staircase leading up, spattered with blood here.
Are you sure you want to abandon this character and quit the game? (Confirm with "yes".)

*.(.....#.#,*,..,,,,,,,,
*,......#.#,,*#.###*****
*,,.....#.#*+##...#**##*
****#.....#,..#....,,.#*
#.....#,∩.#...###.#*
#.....#,..#.....#.##
#....§##'##...#....#
#...S§§§§§....#....#
#..@S.§§§§..........
##.......#######....#
#......### #....#
#..#############....#
#..#..........##.#.##
#..............#.#.##
#.##...........#.#...
#..............#.####
####...........#.#...


You could see 2 water moccasins.

Vanquished Creatures
  A sky beast (D:3)
  A centaur (D:3)
  An orc priest (D:3)
  An orc wizard (D:3)
  An adder (D:2)
  2 oozes
  3 worms
  3 dart slugs
  3 leopard geckos
  5 orcs
  3 giant cockroaches
  4 goblins
  6 hobgoblins
  A quokka (D:3)
  6 bats
  2 frilled lizards
  7 kobolds
  A leopard gecko zombie (D:4)
  A quokka skeleton (D:4)
  4 rats
56 creatures vanquished.

Vanquished Creatures (others)
  5 toadstools (D:1)
5 creatures vanquished.

Grand Total: 61 creatures vanquished

Notes
Turn   | Place    | Note
-------+----------+-------------------------------------------
     0 | D:1      | Ikkuss the Demonspawn Gladiator began the quest for the Orb.
     0 | D:1      | Reached XP level 1. HP: 16/16 MP: 1/1
   506 | D:1      | Gained mutation: Your flesh is heat resistant. (rF+) [demonic ancestry]
   506 | D:1      | Reached XP level 2. HP: 23/23 MP: 2/2
  1238 | D:2      | Reached skill level 1 in Polearms
  1349 | D:2      | Gained mutation: You are immune to clouds of flame. [demonic ancestry]
  1349 | D:2      | Reached XP level 3. HP: 24/28 MP: 3/3
  1429 | D:2      | You fall through a shaft for 2 floors!
  1460 | D:3      | Found an ornate altar of the Wu Jian Council.
  2321 | D:3      | Gained mutation: When hurt, damage is shared between your health and your magic reserves. [demonic ancestry]
  2321 | D:3      | Reached XP level 4. HP: 35/35 MP: 4/4
  2714 | D:3      | Noticed a sky beast
  2731 | D:3      | Killed a sky beast
  2731 | D:3      | Reached XP level 5. HP: 31/41 MP: 5/5
  2971 | D:3      | Noticed a centaur
  2991 | D:3      | Killed a centaur
  3012 | D:3      | Gained mutation: You are partially covered in yellow scales. (AC +2) [demonic ancestry]
  3012 | D:3      | Reached XP level 6. HP: 36/48 MP: 4/6
  3313 | D:4      | Found a deep blue altar of Sif Muna.
  3355 | D:4      | Found a stormy altar of Qazlal.
  3478 | D:4      | Found Sieqi's Serpentskin Sales.
  3478 | D:4      | Noticed a water moccasin
  3478 | D:4      | Noticed a water moccasin
  3498 | D:4      | Quit the game

Vault maps used:
D:1:      ldierk_walled_garden
D:2:      first_bread, hex_medium
D:3:      nicolae_overflow_hidden_temple, minmay_gold_behind_fungi
D:4:      lemuel_round_altar, lemuel_blue_sif_altar, guppyfry_shop_venom

Skill      XL: |  1  2  3  4  5  6 |
---------------+-------------------+-----
Maces & Flails | 3 |  3.1
Polearms       | 1 2 3 4 |  4.2
Fighting       | 3 4 |  4.1
Throwing       | |  1.7
Dodging        | |  2.6

Action                   |  1- 3 |  4- 6 || total
-------------------------+-------+-------++-------
Melee: Flail             |    47 |       ||    47
       Spear             |    74 |    81 ||   155
Throw: Tomahawk          |    13 |    12 ||    25
  Use: Potion            |       |     3 ||     3
       Scroll            |       |    13 ||    13
  Eat: Chunk             |     3 |       ||     3
       Royal jelly       |     1 |       ||     1
       Bread ration      |       |     1 ||     1
       Meat ration       |       |     1 ||     1
Armor: Leather armour    |    19 |       ||    19
       Ring mail         |    25 |    27 ||    52
Dodge: Dodged            |    58 |    56 ||   114
